 Dungeon Crawl Stone Soup version 0.32-a0-132-g2d33c3c (webtiles) character file.

Game seed: 6773101924916841524

347 Dorkslayer the Ruffian (level 6, -1/64 HPs)
             Began as an Octopode Fighter on Feb 8, 2024.
             Killed from afar by an orc wizard (7 damage)
             ... with a magic dart
             ... on level 3 of the Dungeon.
             The game lasted 00:05:41 (2045 turns).

Dorkslayer the Ruffian (Octopode Fighter)           Turns: 2045, Time: 00:05:41

Health: -1/64      AC:  1    Str: 18    XL:     6   Next: 59%
Magic:  6/6        EV: 13    Int: 10    God:
Gold:   77         SH:  4    Dex: 11    Spells: 5/5 levels left

rFire   . .          .
                       - Unarmed
rCold   . . .        a - +0 buckler
rNeg    . . .        (helmet restricted)
rPois   .            (no amulet)
rElec   .            (no ring)
rCorr   .            (no ring)
SInv    .            (no ring)
Will    .....        (no ring) Stlth
                     (no ring)
HPRegen 0.30/turn    (no ring)
MPRegen 0.10/turn    (no ring)
                     (no ring)

%: no passive effects
@: berserking, invisible, very quick
A: almost no armour, amphibious, 8 rings, camouflage 1, gelatinous body 1,
(nimble swimmer 1), tentacles
a: no special abilities


You were on level 3 of the Dungeon.
You visited 1 branch of the dungeon, and saw 3 of its levels.

You collected 77 gold pieces.

Inventory:

Armour
 a - a +0 buckler (worn)
Scrolls
 b - a scroll of enchant armour {unknown}
 c - a scroll of summoning {unknown}
 e - 2 scrolls of identify {unknown}
 f - 2 scrolls of acquirement {unknown}
 g - 2 scrolls of poison {unknown}
Potions
 k - a potion of degeneration {unknown}
 l - a potion of heal wounds {unknown}


   Skills:
 + Level 4.1 Fighting
 + Level 3.9 Dodging
 + Level 2.0 Stealth
 + Level 3.8 Shields
 * Level 4.6 Unarmed Combat


You had 5 spell levels left.
You didn't know any spells.
Your spell library contained the following spells:

 Spells                   Type           Power      Damage    Failure   Level
 Freeze                   Ice            0%         1d3       43%         1
 Scorch                   Fire           0%         2d5       58%         2
 Frozen Ramparts          Ice            0%         1d1       82%         3
 Hailstorm                Conj/Ice       0%         3d5       82%         3
 Flame Wave               Conj/Fire      0%         2d4       99%         4
 Summon Cactus Giant      Summ           0%         N/A       100%        6


Dungeon Overview and Level Annotations

Branches:
Dungeon (3/15)

Altars:


Innate Abilities, Weirdness & Mutations

You cannot wear most types of armour.
You are amphibious.
You can wear up to eight rings at the same time.
Your skin changes colour to match your surroundings (Stealth+).
Your rubbery body absorbs attacks. (AC +1, EV +1)
((You are camouflaged when in or above water. (Stealth+)))
You have tentacles for arms and can constrict up to eight enemies at once.


Message History

A puff of flame appears from out of thin air!
The puff of flame hits you!
* * * LOW HITPOINT WARNING * * *
It was a potion of curing.
You feel better.
You hear some strange, mumbled words.
You are confused.
You feel better. Something hits you.
You completely miss something. You squeeze something.
You hear some strange, mumbled words.
A magic dart appears from out of thin air!
The magic dart hits you!
* * * LOW HITPOINT WARNING * * *
You tentacle-slap something. Your squeeze misses something.
Something completely misses you.
You miss something.
You hear some strange, mumbled words.
A magic dart appears from out of thin air!
The magic dart hits you!
* * * LOW HITPOINT WARNING * * *
Throw: throwing net
Press: ? - help, Q - select action Shift-Dir - straight line You throw a throwing net.
Something hits you.
* * * LOW HITPOINT WARNING * * *
Unknown command.
You feel better. Something hits you.
* * * LOW HITPOINT WARNING * * *
It was a potion of invisibility.
You fade into invisibility!
Something hits you.
* * * LOW HITPOINT WARNING * * *
It was a potion of berserk rage.
A red film seems to cover your vision as you go berserk!
You feel yourself moving faster!
You feel mighty! Something hits you.
* * * LOW HITPOINT WARNING * * *
You closely miss something.
You hear some strange, mumbled words.
A magic dart appears from out of thin air!
The magic dart hits you!
You die...

......... ..#.........#.#.#
#...##########.###.....#.#.#
##.## #............#..#.#.# .#.#
#.#####.#.#.......#.# ..<# #.#
###...#...###.#.###### ..## #.#
#...#####.....#....... ..######.#
#.#..(# ...#.........#
....)..).##..###{#..#...##...##(.
..########.. #@)....# ###.####
..# #... ##.....# ###.#### ..#
#... ...### #....... ... . ..##
#.#.#### ### #.# #.#.#### .#
#.#..... .# #.#####. .# #.# #.
#.# #.


There were no monsters in sight!

Vanquished Creatures
  Sigmund (D:2)
  A bombardier beetle (D:3)
  Crazy Yiuf (D:2)
  Natasha (D:3)
  4 gnolls (D:2)
  2 adders (D:2)
  A dart slug (D:2)
  2 ribbon worms (D:2)
  4 orcs (D:3)
  5 endoplasms
  A giant cockroach (D:1)
  6 hobgoblins
  5 kobolds
  A quokka (D:1)
  2 ball pythons
  4 bats (D:1)
  3 frilled lizards
  6 goblins
  8 rats
58 creatures vanquished.

Notes
Turn   | Place    | Note
-------+----------+-------------------------------------------
     0 | D:1      | Dorkslayer the Octopode Fighter began the quest for the
                  | Orb.
     0 | D:1      | Reached XP level 1. HP: 16/16 MP: 1/1
   136 | D:1      | Reached XP level 2. HP: 18/21 MP: 2/2
   550 | D:2      | Reached XP level 3. HP: 26/26 MP: 3/3
   581 | D:2      | Noticed Sigmund
   591 | D:2      | Killed Sigmund
   592 | D:2      | Reached XP level 4. HP: 19/33 MP: 4/4
   592 | D:2      | Reached XP level 5. HP: 22/37 MP: 5/5
   724 | D:2      | Found a runed translucent door.
   797 | D:2      | Reached skill level 1 in Stealth
  1176 | D:2      | Reached XP level 6. HP: 35/43 MP: 6/6
  1503 | D:2      | Noticed Crazy Yiuf
  1605 | D:2      | Killed Crazy Yiuf
  1726 | D:3      | Noticed Natasha
  1735 | D:3      | Killed Natasha
  2045 | D:3      | Killed from afar by an orc wizard

Illustrated notes

Levels and vault maps discovered:
D:1:      ncdulo_wetmaze, layout_rooms
D:2:      layout_loops_ring, serial_bayou, serial_bayou_lake_a,
          serial_bayou_lagoon_a, serial_bayou_shore_a, serial_bayou_lagoon_b,
          ebering_dispersal_statue_hall, uniq_crazy_yiuf_cottage, uniq_sigmund
D:3:      layout_loops_ring, nemelex_diamond_rough_becter,
          shapermc_ecumenical_altar_hornbeckon, uniq_natasha

Skill      XL: |  1  2  3  4  5  6 |
---------------+-------------------+-----
Unarmed Combat | 3 4 |  4.6
Fighting       | 4 |  4.1
Stealth        | 1 2 |  2.0
Dodging        | |  3.9
Shields        | |  3.8

Action                     |  1- 3 |  4- 6 || total
---------------------------+-------+-------++-------
  Melee: Unarmed           |    46 |    91 ||   137
         Tentacles         |    10 |    13 ||    23
         Constrict         |    11 |    18 ||    29
         Punch             |     1 |     5 ||     6
  Throw: Throwing net      |       |     1 ||     1
    Use: Potion            |     1 |     6 ||     7
   Stab: Sleeping          |       |     6 ||     6
 Armour: Skin              |    23 |    43 ||    66
  Dodge: Dodged            |    22 |    43 ||    65
  Block: Buckler           |     4 |    16 ||    20

Table legend: (Time is in decaauts)
 A = Elapsed time spent in this place.
 B = Non-inter-level travel time spent in this place.
 C = Inter-level travel time spent in this place.
 D = Time resting spent in this place.
 E = Time spent auto-exploring this place.
 F = Levels seen in this place.
 G = Mean time per level.
                   A        B        C        D        E       F      G
               +--------+--------+--------+--------+--------+-----+--------+
         Total |   2040 |   2040 |      0 |    189 |    903 |   3 |  680.0 |
       Dungeon |   2040 |   2040 |      0 |    189 |    903 |   3 |  680.0 |
               +--------+--------+--------+--------+--------+-----+--------+

Top non-repeatable levels by time:
     D:2: 1135 daAuts
     D:1: 503 daAuts
     D:3: 402 daAuts
